[Event "Late-Titled-Tuesday-Blitz-March-05-2024"]
[Site "Chess.com"]
[Date "2024.03.05"]
[Round "3"]
[White "Onthequiet"]
[Black "reevecanada"]
[Result "0-1"]
[WhiteElo "2442"]
[BlackElo "2612"]
[TimeControl "180+1"]
[EndTime "14:26:10 PST"]
[Termination "reevecanada won by resignation"]

1. d4 Nf6 2. Nf3 g6 3. Bg5 Bg7 4. Nbd2 d5 5. c3 O-O 6. e3 c5 7. dxc5 Nbd7 8. b4 h6 9. Bh4 Ne4 10. Nxe4 dxe4 11. Nd4 Ne5 12. Be2 g5 13. Bg3 f5 14. Bxe5 Bxe5 15. Bc4+ Kh8 16. Qh5 Rf6 17. Rd1 Qf8 18. f3 exf3 19. gxf3 Bd7 20. f4 gxf4 21. exf4 Bxf4 22. Ne2 Be8 23. Qf3 Bg5 24. Qxb7 Bc6 25. Qxa8 Qxa8 26. O-O Be3+ 0-1

[Event "Late-Titled-Tuesday-Blitz-March-05-2024"]
[Site "Chess.com"]
[Date "2024.03.05"]
[Round "3"]
[White "GoltsevDmitry2000"]
[Black "Genghis_K"]
[Result "0-1"]
[WhiteElo "2698"]
[BlackElo "2945"]
[TimeControl "180+1"]
[EndTime "14:26:13 PST"]
[Termination "Genghis_K won by resignation"]

1. e4 c5 2. Nf3 d6 3. d4 cxd4 4. Nxd4 Nf6 5. Nc3 a6 6. Be2 e5 7. Nf5 d5 8. Bg5 d4 9. Bxf6 gxf6 10. Nb1 Qa5+ 11. Qd2 Qxd2+ 12. Nxd2 Be6 13. Nc4 Nd7 14.
Ncd6+ Bxd6 15. Nxd6+ Ke7 16. Nxb7 a5 17. b4 axb4 18.
Rb1 Rhb8 19. Rxb4 Ra7 20. Nd8 Kxd8 21. Rxb8+ Nxb8 22. Kd2 Rxa2 23. Rb1 Nc6 24. Bd3 Kc7 25. g3 Na5 26. Rb4 Nb3+ 27. Kd1 Bg4+ 0-1

[Event "Late-Titled-Tuesday-Blitz-March-05-2024"]
[Site "Chess.com"]
[Date "2024.03.05"]
[Round "3"]
[White "FairChess_on_YouTube"]
[Black "AlexPapasimakopoulos"]
[Result "1-0"]
[WhiteElo "3101"]
[BlackElo "2749"]
[TimeControl "180+1"]
[EndTime "14:26:16 PST"]
[Termination "FairChess_on_YouTube won by resignation"]

1. d4 e6 2. Nf3 Nf6 3. Bg5 c5 4. e3 Qb6 5. Qc1 Ne4 6. Bf4 d5 7. Bd3 cxd4 8. exd4 Bd7 9. O-O Bb5 10. c4 Bxc4 11.
Bxe4 dxe4 12. Ne5 Bd5 13. Qc8+ Qd8 14. Qxd8+ Kxd8 15. Nxf7+ Ke8 16. Nxh8 Nc6 17. Nc3 g6 18. Nxd5 exd5 19. f3 Bg7 20. fxe4 Bxd4+ 21. Kh1 dxe4 22.
Nxg6 hxg6 23. Rae1 Kd7 24. Rxe4 Rd8 25. Bg5 Rf8 26.
Rxf8 1-0

[Event "Late-Titled-Tuesday-Blitz-March-05-2024"]
[Site "Chess.com"]
[Date "2024.03.05"]
[Round "3"]
[White "Miguelito"]
[Black "Echecmat"]
[Result "1-0"]
[WhiteElo "2801"]
[BlackElo "2545"]
[TimeControl "180+1"]
[EndTime "14:26:17 PST"]
[Termination "Miguelito won by resignation"]

1. e4 c6 2. d4 d5 3. exd5 cxd5 4. Nf3 Nc6 5. c3 Nf6 6. Bd3 Bg4 7. h3 Bh5 8. Bf4 e6 9. Nbd2 Bd6 10. Bxd6 Qxd6 11. O-O O-O 12. Re1 a6 13. a4 Rfe8 14. Qc2 e5 15. dxe5 Nxe5 16. Nxe5 Rxe5 17. Rxe5 Qxe5 18.
Nb3 Qg5 19. Nd4 Re8 20. Qb3 Re7 21. Qb6 Qd2 22. Bf1 Bg6 23. Nf3 Qf4 24. Re1 Rxe1 25. Nxe1 Qxa4 26. Qxb7 a5 27. Bb5 1-0

[Event "Late-Titled-Tuesday-Blitz-March-05-2024"]
[Site "Chess.com"]
[Date "2024.03.05"]
[Round "3"]
[White "jstopa4"]
[Black "hell3raiser"]
[Result "1-0"]
[WhiteElo "2701"]
[BlackElo "2392"]
[TimeControl "180+1"]
[EndTime "14:26:18 PST"]
[Termination "jstopa4 won by resignation"]

1. d4 d5 2. c4 e6 3. Nf3 Nf6 4. g3 Be7 5. Bg2 O-O 6. O-O dxc4 7. Ne5 Nc6 8. Bxc6 bxc6 9. Nxc6 Qe8 10. Nxe7+ Qxe7 11.
Qc2 a5 12. Rd1 Rd8 13. Nc3 c5 14. dxc5 Rxd1+ 15. Qxd1 Bb7 16. Qd6 Qe8 17. Bg5 Rd8 18. Qb6 Qd7 19. e4 Qc8 20. e5 h6 21. Bxf6 gxf6 22. exf6 Rd2 23. Rd1 Rxd1+ 24. Nxd1 Qd7 25. Qd6 Qa4 26. Nc3 Qe8 27. Qd4 Kh7 28. Qg4 Qf8 29. Nb5 a4 30. Nd6 Bd5 31. a3 Qh8 32. Ne8 1-0

[Event "Late-Titled-Tuesday-Blitz-March-05-2024"]
[Site "Chess.com"]
[Date "2024.03.05"]
[Round "3"]
[White "czasnaszachy"]
[Black "averageFM"]
[Result "0-1"]
[WhiteElo "2425"]
[BlackElo "2586"]
[TimeControl "180+1"]
[EndTime "14:26:19 PST"]
[Termination "averageFM won by resignation"]

1. d4 Nf6 2. c4 e6 3. Nf3 d5 4.
Nc3 Bb4 5. Qa4+ Nc6 6. e3 O-O 7.
Bd2 Bd7 8. Qc2 dxc4 9. Bxc4 Bd6 10. a3 e5 11. dxe5 Nxe5 12. Nxe5 Bxe5 13. O-O-O Qe7 14.
h3 c6 15. g4 b5 16. Ba2 a5 17. g5 Nh5 18. f4 Bxc3 19. Bxc3 Ng3 20. Rxd7 Qxd7 21.
Rd1 Qxh3 22. Qd3 Qg2 23. Kb1 Qe4 24. Qxe4 Nxe4 25. Be5 Rad8 26. Rc1 Nd2+ 27. Ka1 a4 28. Rxc6 Nb3+ 29. Kb1 Rd1+ 30. Kc2 Rc1+ 0-1

[Event "Late-Titled-Tuesday-Blitz-March-05-2024"]
[Site "Chess.com"]
[Date "2024.03.05"]
[Round "3"]
[White "Smoking_Crow"]
[Black "Igor_Lysyj"]
[Result "0-1"]
[WhiteElo "2616"]
[BlackElo "2830"]
[TimeControl "180+1"]
[EndTime "14:26:20 PST"]
[Termination "Igor_Lysyj won by resignation"]

1. d4 Nf6 2. c4 e6 3. Nc3 Bb4 4.
a3 Bxc3+ 5. bxc3 c5 6. f3 Nc6 7. e4 d6 8. Be3 b6 9. Bd3 Na5 10.
Ne2 Ba6 11. O-O Qc7 12. d5 O-O-O 13. Nc1 Bxc4 14. Bxc4 Nxc4 15. Bg5 exd5 16. Bxf6 gxf6 17. Qxd5 Ne3 18. Qb3 Nxf1 19. Kxf1 d5 20. Qa4 dxe4 21. Qxe4 Kb8 22. Nb3 Rhe8 23. Qh4 Qe5 24. Qc4 Qd5 25. Qa4 Qd3+ 26. Kg1 Qxc3 27. Kf2 Qe3+ 28.
Kf1 Qd3+ 29. Kg1 c4 30. Na5 Qd4+ 0-1

[Event "Late-Titled-Tuesday-Blitz-March-05-2024"]
[Site "Chess.com"]
[Date "2024.03.05"]
[Round "3"]
[White "pooh2012"]
[Black "HansOnTwitch"]
[Result "0-1"]
[WhiteElo "2527"]
[BlackElo "3112"]
[TimeControl "180+1"]
[EndTime "14:26:22 PST"]
[Termination "HansOnTwitch won by resignation"]

1. Nf3 d5 2. g3 Nc6 3. d4 Bf5 4. Bg2 e6 5. Nbd2 Nb4 6. O-O Bxc2 7. Qe1 Bg6 8. Qd1 Nf6 9. Ne5 Bd6 10. Qa4+ c6 11. Nxg6 hxg6 12. a3 Na6 13. e4 dxe4 14.
Nxe4 Nxe4 15. Bxe4 Nc7 16. Be3 Nd5 17. Rae1 O-O 18.
Bd2 Qb6 19. Bc3 a6 20. Qc2 Rad8 21. h4 Be7 22. Kg2 Bf6 23. Rd1 Ne7 24. Rh1 Bxd4 25. h5 Bxc3 26. Qxc3 Rxd1 27. Rxd1 gxh5 28. Rd7 Nd5 29. Qe5 Nf6 30. Rd4 Qb5 31. Qxb5 axb5 32. Bf3 Ra8 0-1

[Event "Late-Titled-Tuesday-Blitz-March-05-2024"]
[Site "Chess.com"]
[Date "2024.03.05"]
[Round "3"]
[White "GrotBchess"]
[Black "miraitrunks"]
[Result "0-1"]
[WhiteElo "2381"]
[BlackElo "2180"]
[TimeControl "180+1"]
[EndTime "14:26:25 PST"]
[Termination "miraitrunks won by resignation"]

1. d4 d5 2. c4 Bf5 3. Nc3 e6 4. Nf3 Nf6 5. e3 Nbd7 6. cxd5 Nxd5 7. Nxd5 exd5 8. Qb3 Nb6 9. a4 a5 10. Bd2 Bd6 11. Rc1 O-O 12. Be2 Re8 13. O-O Bd7 14. Bb5 Re6 15. Bxd7 Qxd7 16. Qb5 Qxb5 17. axb5 Nc4 18. Bc3 a4 19. Ra1 a3 20. bxa3 Rxa3 21.
Rxa3 Nxa3 22. Nd2 Nxb5 23. Bb2 Rh6 24. g3 f5 25. Rb1 Kf7 26. Ba1 c6 27. Nb3 g5 28.
Na5 f4 29. Nxb7 fxe3 30. fxe3 Re6 31. Kf2 Na3 32. Rb3 Nc4 33. Nd8+ Ke7 34. Nxe6 Kxe6 35. Rb7 Ba3 36. Kf3 Bc1 37. Rb3 Nd2+ 38. Ke2 Nxb3 39.
Bc3 Ba3 40. Kd3 Nc1+ 41. Kc2 Kf5 42. Bd2 Ke4 43. Kd1 Nd3 44. Ke2 Bb4 45. Bxb4 Nxb4 46. Kd2 Nc2 47. Kxc2 Kxe3 48. Kc3 Ke4 49. g4 Ke3 50. h3 Ke4 51. Kb4 Kxd4 52. Kb3 c5 0-1

[Event "Late-Titled-Tuesday-Blitz-March-05-2024"]
[Site "Chess.com"]
[Date "2024.03.05"]
[Round "3"]
[White "NovakCabarkapa"]
[Black "xakevicius91"]
[Result "1-0"]
[WhiteElo "2822"]
[BlackElo "2580"]
[TimeControl "180+1"]
[EndTime "14:26:26 PST"]
[Termination "NovakCabarkapa won by resignation"]

1. d4 Nf6 2. Nc3 d5 3. Bf4 a6 4. e3 c5 5. dxc5 Nc6 6. a3 h6 7.
b4 e5 8. Bg3 Bf5 9. Nf3 d4 10.
exd4 exd4 11. Na4 Be7 12. Bd3 Bg4 13. h3 Bh5 14. Nb6 Ra7 15. O-O O-O 16. Re1 Nd5 17. Nxd5 Qxd5 18. Be4 Qd8 19. Qd3 Bxf3 20. Qxf3 Qd7 21. Rad1 Bf6 22. Bd6 Re8 23. Bf5 Qd8 24.
Bc7 Qa8 25. Bb6 Ne5 26. Qg3 Qb8 27. Bxa7 Qxa7 28. f4 Qb8 29. fxe5 Bxe5 30. Qf3 a5 31. Kh1 1-0

[Event "Late-Titled-Tuesday-Blitz-March-05-2024"]
[Site "Chess.com"]
[Date "2024.03.05"]
[Round "3"]
[White "PawnEatingZombie"]
[Black "SharathRk6"]
[Result "1-0"]
[WhiteElo "2175"]
[BlackElo "2373"]
[TimeControl "180+1"]
[EndTime "14:26:31 PST"]
[Termination "PawnEatingZombie won by resignation"]

1. e4 e5 2. Nf3 Nc6 3. Nc3 Nf6 4.
Bb5 a6 5. Bxc6 dxc6 6. O-O Bd6 7.
d3 O-O 8. h3 h6 9. Ne2 Nd7 10. g4 Nc5 11. Ng3 Ne6 12. Nf5 Nf4 13.
Bxf4 exf4 14. d4 Bxf5 15. gxf5 g5 16. e5 Be7 17. f6 Bb4 18. c3 Ba5 19. Nxg5 Qd7 20. Qh5 Qf5 21. Qxh6 Qg6 22. Qxg6+ fxg6 23. Ne6 Rf7 24. Nxf4 g5 25. Ne6 Rh7 26. Nxg5 Rh5 27. f4 c5 28. Kg2 cxd4 29. cxd4 Bd2 30. Kg3 Rd8 31. Kg4 Rh8 32. e6 Rxd4 33. e7 1-0

[Event "Late-Titled-Tuesday-Blitz-March-05-2024"]
[Site "Chess.com"]
[Date "2024.03.05"]
[Round "3"]
[White "K_A_S_T_O_R"]
[Black "Kombinator01"]
[Result "1-0"]
[WhiteElo "2809"]
[BlackElo "2495"]
[TimeControl "180+1"]
[EndTime "14:26:34 PST"]
[Termination "K_A_S_T_O_R won by resignation"]

1. e4 e5 2. Nf3 Nc6 3. Bb5 a6 4. Ba4 Nf6 5. O-O b5 6. Bb3 Be7 7. Re1 O-O 8. d4 Nxd4 9. Nxd4 exd4 10. e5 Ne8 11. Qxd4 c5 12. Qe4 Rb8 13. c4 Bb7 14. Qe2 d6 15. e6 Nc7 16. exf7+ Rxf7 17. cxb5 d5 18. b6 Nb5 19. Nc3 Nxc3 20. bxc3 Bf6 21.
Bd2 Re7 22. Qg4 c4 23. Bc2 Qd7 24. Bf5 Qe8 25. Rxe7 Qxe7 26. Re1 Qf8 27. Qh3 g6 28. Be6+ Kh8 29. Qg3 d4 30. cxd4 Bxd4 31. Bc3 Rd8 32.
Bxd4+ Rxd4 33. Qe5+ Qg7 34. Qb8+ 1-0

[Event "Late-Titled-Tuesday-Blitz-March-05-2024"]
[Site "Chess.com"]
[Date "2024.03.05"]
[Round "3"]
[White "carloseduar100"]
[Black "yuriydovzik"]
[Result "1-0"]
[WhiteElo "2363"]
[BlackElo "2074"]
[TimeControl "180+1"]
[EndTime "14:26:37 PST"]
[Termination "carloseduar100 won on time"]

1. e4 c6 2. Nf3 g6 3. Nc3 Bg7 4. Bc4 b5 5. Bb3 a5 6. a4 b4 7. Ne2 d5 8. exd5 cxd5 9. d4 Nf6 10. O-O O-O 11. Nf4 e6 12. Re1 Ne4 13. Nd3 Nd7 14. Nfe5 Nxe5 15. dxe5 Ba6 16. f3 Qb6+ 17. Be3 d4 18. Bf4 Nc5 19. Nxc5 Qxc5 20. Qd2 Rfd8 21. Rad1 d3+ 22. Kh1 Qc7 23. cxd3 Rxd3 24. Qc2 Qxc2 25. Bxc2 Rxd1 26. Rxd1 Rc8 27. h4 Rxc2 28.
Rd6 Bb7 29. Rd7 g5 30. Bxg5 h6 31. Be3 Bc6 32. Rd8+ 1-0

[Event "Late-Titled-Tuesday-Blitz-March-05-2024"]
[Site "Chess.com"]
[Date "2024.03.05"]
[Round "3"]
[White "GlavkonVVS"]
[Black "js20000"]
[Result "0-1"]
[WhiteElo "2545"]
[BlackElo "2790"]
[TimeControl "180+1"]
[EndTime "14:26:39 PST"]
[Termination "js20000 won by checkmate"]

1. c4 e5 2. Nc3 Bb4 3. g3 Bxc3 4. bxc3 Nf6 5. Bg2 O-O 6. d3 c6 7. Ba3 Re8 8. Bd6 Re6 9. c5 Qa5 10. Qb3 Na6 11. Bh3 Re8 12. Nf3 Nxc5 13. Qc4 Na4 14. Rc1 Nb6 15. Qb3 e4 16. Bb4 Qh5 17. Nh4 exd3 18. O-O dxe2 19. Rfe1 d5 20. Bxc8 Raxc8 21. Bc5 g5 22. Nf5 Qh3 23. Ne3 Nc4 24. Qxb7 Nd2 25. f3 Nxf3+ 26. Kf2 Nxe1 27. Rxe1 Qxh2+ 28. Kf3 g4+ 29. Kf4 Re4+ 30. Kf5 Qh5+ 31. Kxf6 Qg6# 0-1

[Event "Late-Titled-Tuesday-Blitz-March-05-2024"]
[Site "Chess.com"]
[Date "2024.03.05"]
[Round "3"]
[White "SamCopeland"]
[Black "Bala-Afiada"]
[Result "1-0"]
[WhiteElo "2338"]
[BlackElo "1875"]
[TimeControl "180+1"]
[EndTime "14:26:43 PST"]
[Termination "SamCopeland won by checkmate"]

1. e4 c5 2. Nf3 Nc6 3. d4 cxd4 4. Nxd4 Nf6 5. Nc3 d6 6. f3 e6 7. Be3 Be7 8. Qd2 O-O 9. O-O-O Nxd4 10. Bxd4 Qa5 11.
g4 Rd8 12. h4 d5 13. e5 Ne8 14. g5 Bd7 15. h5 b5 16. Bd3 b4 17. Nb1 Qxa2 18. g6 h6 19. gxf7+ Kxf7 20. Rhg1 Rdc8 21.
Bg6+ Kf8 22. Qf4+ Nf6 23. exf6 Bxf6 24. Bxf6 gxf6 25. Qxf6+ Kg8 26. Qf7+ Kh8 27. Qh7# 1-0

[Event "Late-Titled-Tuesday-Blitz-March-05-2024"]
[Site "Chess.com"]
[Date "2024.03.05"]
[Round "3"]
[White "CarrotsandPizza"]
[Black "kleinebeer98"]
[Result "0-1"]
[WhiteElo "2589"]
[BlackElo "2885"]
[TimeControl "180+1"]
[EndTime "14:26:44 PST"]
[Termination "kleinebeer98 won on time"]

1. e4 e5 2. Nf3 Nc6 3. Nc3 f5 4. exf5 Nf6 5. Bb5 e4 6. Nh4 Nd4 7. Ba4 c6 8. d3 d5 9. O-O Nxf5 10. Nxf5 Bxf5 11. dxe4 Nxe4 12. Nxd5 Bd6 13. Ne3 Bg6 14. Bb3 Qc7 15. Qg4 Bxh2+ 16. Kh1 Bd6 17. Nf5 Nf6 18. Re1+ Kf8 19. Qf3 Bf7 20. Bg5 Be5 21. Re2 h6 22. Bh4 Re8 23. Rae1 Bh5 24. Bxf6 Bxf3 25. Bxg7+ Qxg7 26.
Nxg7 Bxe2 27. Nxe8 Bh5 28. Rxe5 Bxe8 29. g3 Rh7 30.
Kg2 Rd7 31. Kf1 b6 32. Ke2 a5 33. a3 b5 34. Re3 a4 35. Be6 Rd6 36. Bg4 Bg6 0-1

[Event "Late-Titled-Tuesday-Blitz-March-05-2024"]
[Site "Chess.com"]
[Date "2024.03.05"]
[Round "3"]
[White "PNEPaul"]
[Black "Arlo2024"]
[Result "0-1"]
[WhiteElo "1929"]
[BlackElo "2296"]
[TimeControl "180+1"]
[EndTime "14:26:46 PST"]
[Termination "Arlo2024 won by resignation"]

1. e4 e6 2. d4 d5 3. e5 c5 4. Qg4 cxd4 5. Nf3 Nc6 6. Bd3 Nb4 7. O-O Nxd3 8. cxd3 Ne7 9. Qxd4 Nc6 10. Qf4 Be7 11. Qg3 Bf8 12. d4 Ne7 13. Nc3 Nf5 14. Qf4 h5 15.
Qd2 Be7 16. h3 Bd7 17. a3 Rc8 18. Qd1 Qb6 19. Bd2 Nxd4 20. Nxd4 Qxd4 21. Re1 Qb6 22. b4 h4 23. Qg4 g6 24. Rac1 Rc4 25. Qf3 O-O 26.
Bh6 Rfc8 27. Ne2 Rxc1 28. Rxc1 Rxc1+ 29. Nxc1 Qd4 30. Bf4 a5 31. Ne2 Qd1+ 32. Kh2 axb4 33. axb4 Bxb4 34. Qg4 Be7 35. f3 Qxe2 0-1

[Event "Late-Titled-Tuesday-Blitz-March-05-2024"]
[Site "Chess.com"]
[Date "2024.03.05"]
[Round "3"]
[White "ukchessbomber"]
[Black "VojtechPlat"]
[Result "0-1"]
[WhiteElo "2656"]
[BlackElo "2858"]
[TimeControl "180+1"]
[EndTime "14:26:49 PST"]
[Termination "VojtechPlat won on time"]

1. c4 d6 2. d4 e5 3. dxe5 dxe5 4. Qxd8+ Kxd8 5. b3 f6 6. Bb2 Be6 7. Nc3 Nd7 8. O-O-O c6 9. g3 Kc7 10. f4 Nh6 11. Bh3 Bxh3 12. Nxh3 Ng4 13. fxe5 Ndxe5 14. Rd2 Bb4 15. a3 Bc5 16. Kb1 Rad8 17. Rxd8 Rxd8 18. Nf4 Re8 19. Rd1 Nxh2 20. Ne4 Bf8 21. c5 Nhg4 22. Nd6 Bxd6 23. Rxd6 Nd7 24. Ne6+ Kc8 25. b4 Re7 26. Nd4 Nh6 27. Bc1 Nf7 28. Nxc6 bxc6 29. Rxc6+ Kb7 30. b5 Nde5 31. Ra6 Rc7 32. Be3 Nd8 33. a4 Ndc6 34. Bg1 h5 35. a5 g5 36. Kc1 h4 37. gxh4 gxh4 38. Kd1 h3 39. Bh2 Rd7+ 40. Ke1 Rd5 0-1

[Event "Late-Titled-Tuesday-Blitz-March-05-2024"]
[Site "Chess.com"]
[Date "2024.03.05"]
[Round "3"]
[White "Bykov_Egor"]
[Black "tolimachess"]
[Result "1-0"]
[WhiteElo "2588"]
[BlackElo "2431"]
[TimeControl "180+1"]
[EndTime "14:26:58 PST"]
[Termination "Bykov_Egor won by checkmate"]

1. e4 c5 2. Nf3 Nc6 3. d4 cxd4 4.
Nxd4 e5 5. Nb5 a6 6. Nd6+ Bxd6 7. Qxd6 Qe7 8. Qd1 Nf6 9. Nc3 d6 10. Bc4 Be6 11. Bb3 Rd8 12. Bg5 h6 13. Bxf6 Qxf6 14.
Qd2 Nd4 15. Bxe6 fxe6 16. O-O Rc8 17. Rad1 g5 18. Qd3 O-O 19. Rd2 b5 20. Nd1 b4 21.
c3 bxc3 22. bxc3 Nb5 23. a4 Na3 24. Ne3 d5 25. exd5 e4 26. Qxe4 Rxc3 27. Ng4 Qg7 28. dxe6 Nc4 29. Rd7 Rf4 30. Rxg7+ Kxg7 31. Qb7+ Kg6 32.
e7 Nd6 33. Qd5 Ne8 34. Qe6+ Kh5 35. f3 Rf6 36. Nxf6+ Nxf6 37. Qxf6 Re3 38. g4+ Kh4 39. Qxh6# 1-0

[Event "Late-Titled-Tuesday-Blitz-March-05-2024"]
[Site "Chess.com"]
[Date "2024.03.05"]
[Round "3"]
[White "Hudijegszid"]
[Black "Njal28"]
[Result "0-1"]
[WhiteElo "2353"]
[BlackElo "2997"]
[TimeControl "180+1"]
[EndTime "14:27:00 PST"]
[Termination "Njal28 won by resignation"]

1. c4 g6 2. Nf3 Bg7 3. Nc3 c5 4. e4 Nc6 5. d3 d6 6. g3 Bg4 7. Bg2 e6 8. O-O Nge7 9. h3 Bxf3 10. Bxf3 O-O 11. Bg2 Rb8 12. a4 Nd4 13. f4 Nec6 14.
Be3 a6 15. Rc1 Qd7 16. Qg4 Nb4 17. Qd1 b5 18. axb5 axb5 19. b3 Nbc6 20. g4 bxc4 21. bxc4 Rb2 22. Rf2 Rfb8 23. Na4 Rxf2 24. Bxf2 Nb4 25.
Nc3 Qa7 26. Ra1 Ne2+ 27. Nxe2 Qxa1 28. Qxa1 Bxa1 29. d4 Nd3 30. e5 dxe5 31. dxc5 Rb1+ 32. Bf1 exf4 33. c6 Be5 34. Kg2 f3+ 35. Kxf3 Rxf1 36.
Ke3 Nxf2 37. c7 Bxc7 0-1

[Event "Late-Titled-Tuesday-Blitz-March-05-2024"]
[Site "Chess.com"]
[Date "2024.03.05"]
[Round "3"]
[White "Mr_Heisenberg13"]
[Black "RantomOpening"]
[Result "1-0"]
[WhiteElo "2822"]
[BlackElo "2581"]
[TimeControl "180+1"]
[EndTime "14:27:01 PST"]
[Termination "Mr_Heisenberg13 won by resignation"]

1. e4 c5 2. Nf3 e6 3. d4 cxd4 4. Bg5 Nf6 5. Qxd4 Nc6 6. Qe3 Be7 7. Nc3 d5 8. O-O-O O-O 9. exd5 exd5 10. Bxf6 Bxf6 11.
Nxd5 Be6 12. Bc4 Bxd5 13. Rxd5 Qc7 14. Bb3 Rac8 15. Rhd1 Rfe8 16. Qd2 Red8 17. Rd7 Rxd7 18. Qxd7 Qf4+ 19. Kb1 Rf8 20. Re1 h6 21. Bxf7+ Kh8 22. Bb3 Ne5 23. Nxe5 Bxe5 24. a3 Bf6 25. Re8 Be5 26.
Rxf8+ Qxf8 27. Qxb7 Qxf2 28. Qa8+ Kh7 29. Qe4+ Qf5 30.
Qxf5+ 1-0

[Event "Late-Titled-Tuesday-Blitz-March-05-2024"]
[Site "Chess.com"]
[Date "2024.03.05"]
[Round "3"]
[White "KetiTsatsalashvili"]
[Black "arenal72"]
[Result "0-1"]
[WhiteElo "2464"]
[BlackElo "2644"]
[TimeControl "180+1"]
[EndTime "14:27:02 PST"]
[Termination "arenal72 won by resignation"]

1. d4 d6 2. Nf3 g6 3. c4 Nf6 4. Nc3 Bf5 5. g3 Ne4 6. Bg2 Nxc3 7. bxc3 Be4 8. O-O Bg7 9. Nd2 Bxg2 10. Kxg2 O-O 11.
e4 c5 12. Nb3 b6 13. a4 Qc7 14. Qd3 Nc6 15. d5 Ne5 16. Qe2 e6 17. f4 Nd7 18.
Rd1 Bxc3 19. Bb2 Bxb2 20. Qxb2 exd5 21. Rxd5 Rae8 22. Kf3 f5 23. exf5 Nf6 24. fxg6 Nxd5 25. cxd5 hxg6 26. Qc2 Qf7 27. Rd1 Qf5 28. Qxf5 gxf5 29.
a5 b5 30. h3 Re4 31. Nc1 a6 32. Nd3 Rfe8 33. g4 Re3+ 34. Kf2 Rxh3 35. gxf5 Kf7 36. Ne1 Re4 37. Kg2 Rh5 38. Nf3 Rxf4 39. Re1 Rhxf5 40. Re3 Rxf3 41. Rxf3 Rxf3 42. Kxf3 Kf6 0-1

[Event "Late-Titled-Tuesday-Blitz-March-05-2024"]
[Site "Chess.com"]
[Date "2024.03.05"]
[Round "3"]
[White "Gambito_SE"]
[Black "BeanScreen"]
[Result "0-1"]
[WhiteElo "2506"]
[BlackElo "2728"]
[TimeControl "180+1"]
[EndTime "14:27:03 PST"]
[Termination "BeanScreen won by resignation"]

1. e4 e5 2. Nf3 Nc6 3. Bc4 Nf6 4.
d3 Be7 5. O-O O-O 6. Nc3 d6 7. a4 Bg4 8. Be3 Nd4 9. Bxd4 exd4 10. Nd5 Nxd5 11. Bxd5 c6 12. Bb3 Bf6 13. h3 Bxf3 14.
Qxf3 Qe7 15. a5 Qc7 16. a6 b5 17. Qf5 Qe7 18. g3 g6 19. Qg4 Rac8 20. h4 c5 21. Bd5 c4 22. h5 Kg7 23. dxc4 bxc4 24. Kg2 d3 25. c3 Rb8 26. Rh1 Rxb2 27. hxg6 fxg6 28.
Qh3 h5 29. g4 h4 30. Ra4 Bxc3 31. Rxc4 Rfxf2+ 32. Kg1 Rfc2 0-1

[Event "Late-Titled-Tuesday-Blitz-March-05-2024"]
[Site "Chess.com"]
[Date "2024.03.05"]
[Round "3"]
[White "N_Mullodzhanov"]
[Black "yosephtaher"]
[Result "0-1"]
[WhiteElo "2521"]
[BlackElo "2919"]
[TimeControl "180+1"]
[EndTime "14:27:05 PST"]
[Termination "yosephtaher won by checkmate"]

1. e4 c5 2. c3 Nf6 3. e5 Nd5 4. Nf3 g6 5. Bc4 Nb6 6. Bb3 Bg7 7. O-O O-O 8. Re1 d5 9. exd6 Qxd6 10.
a4 Nc6 11. Na3 e5 12. d3 h6 13. a5 Nxa5 14. Nb5 Qe7 15. Rxa5 a6 16. Na3 Qc7 17. Bd2 Rd8 18. Qc2 Bf5 19. Re3 c4 20. Ba2 cxd3 21. Qc1 Re8 22. c4 Nd7 23. c5 g5 24. b4 e4 25. Ne1 Ne5 26. h3 Bg6 27. Rg3 Kh7 28. f4 exf3 29. Nxf3 Nc6 30. Ra4 Qxg3 31. Qf1 Re2 32. Be1 Qf4 33. Bc4 Rae8 34. Nb1 Qxc4 35. Nbd2 Qe6 36. b5 axb5 37. Rg4 Rxe1 38.
Nxe1 Qxe1 39. Qxe1 Rxe1+ 40. Kf2 Re2+ 41. Kf1 Rxd2 42. h4 Bd4 43. hxg5 Rd1# 0-1

[Event "Late-Titled-Tuesday-Blitz-March-05-2024"]
[Site "Chess.com"]
[Date "2024.03.05"]
[Round "3"]
[White "Quattroporte300"]
[Black "BilicVladimir"]
[Result "0-1"]
[WhiteElo "2459"]
[BlackElo "2632"]
[TimeControl "180+1"]
[EndTime "14:27:07 PST"]
[Termination "BilicVladimir won by resignation"]

1. e4 e6 2. d4 d5 3. e5 c5 4. c3 Qb6 5. Nf3 Bd7 6. h4 Bb5 7. Bxb5+ Qxb5 8. Na3 Qd7 9. O-O cxd4 10. cxd4 Nc6 11.
g3 Nge7 12. Kg2 Nf5 13. Qa4 Nxe5 14. Nb5 Nc6 15. Bd2 Be7 16. Rac1 O-O 17. Nc3 Rfc8 18.
Rfe1 a6 19. Ne2 Ne5 20. Qxd7 Nxd7 21. b3 Ba3 22. Rc3 Rxc3 23. Bxc3 Rc8 24. Rd1 Nd6 25. Ne5 Nxe5 26. dxe5 Nb5 27. Rd3 Kf8 28. f4 Ke8 29.
Kf3 h5 30. Ke3 g6 31. Kd2 Nxc3 32. Nxc3 Bb4 33. a3 Bxa3 34. Na4 Bb4+ 35. Kd1 b5 36. Nb2 Rc3 37. Rxc3 Bxc3 38. Nd3 a5 39. Kc2 Bd4 40. b4 axb4 41. Kb3 Bc3 42. Nxb4 Be1 43. Nd3 Bxg3 44. Kb4 Bxh4 45. Kxb5 Bg3 0-1

[Event "Late-Titled-Tuesday-Blitz-March-05-2024"]
[Site "Chess.com"]
[Date "2024.03.05"]
[Round "3"]
[White "the_blue_pill"]
[Black "chrisclaireredfield"]
[Result "1-0"]
[WhiteElo "2423"]
[BlackElo "2556"]
[TimeControl "180+1"]
[EndTime "14:27:10 PST"]
[Termination "the_blue_pill won by resignation"]

1. e4 e5 2. Nf3 Nf6 3. d4 Nxe4 4. Bd3 d5 5. Nxe5 Nd7 6. Nxd7 Bxd7 7. Nc3 Nxc3 8. bxc3 Bd6 9. Qh5 c6 10. O-O g6 11. Re1+ Be7 12. Qh6 Be6 13. Rb1 Qd7 14. Bf4 b5 15. Be5 Rg8 16. a4 a6 17. axb5 axb5 18. Ra1 Ra4 19. Qxh7 Kf8 20. Rxa4 bxa4 21. Rb1 Bd6 22. Bf6 Qa7 23. c4 dxc4 24. Be4 a3 25. Bxc6 a2 26. Ra1 Qb6 27. Qh6+ 1-0

[Event "Late-Titled-Tuesday-Blitz-March-05-2024"]
[Site "Chess.com"]
[Date "2024.03.05"]
[Round "3"]
[White "Fjal"]
[Black "SmirnovTimofey2000"]
[Result "1-0"]
[WhiteElo "2304"]
[BlackElo "1971"]
[TimeControl "180+1"]
[EndTime "14:27:12 PST"]
[Termination "Fjal won on time"]

1. Nf3 Nf6 2. g4 Nxg4 3. Rg1 Nf6 4. d4 d5 5. c4 c6 6. Nc3 Bg4 7. Ne5 Qc8 8. Bg5 Bf5 9. cxd5 Nxd5 10. Nxd5 cxd5 11.
Rc1 Nc6 12. Qa4 Bd7 13. Nxd7 Qxd7 14. e3 e6 15. Bf4 Rc8 16. h4 g6 17. Be5 Rg8 18.
h5 Bd6 19. Bf6 Be7 20. Be5 Bd6 21. f4 Bxe5 22. fxe5 a6 23. h6 Kd8 24. Rg2 Nxe5 25. Qa5+ Ke8 26. Rxc8+ Qxc8 27. dxe5 Qc1+ 28. Kf2 Qd2+ 29.
Be2 Qxa5 30. Rg1 Qxa2 31. Rc1 Kd7 32. Rc2 Rc8 33. Rd2 Qb3 34. Bd3 Rc2 35. Bxc2 Qxb2 36. Ke2 a5 37. Bxg6 Qb5+ 38. Bd3 Qb6 39. Bxh7 a4 40.
Bd3 a3 41. h7 Qd8 42. Ra2 Qh8 43. Rxa3 b6 44. Ra1 Kc6 45. Rg1 1-0

[Event "Late-Titled-Tuesday-Blitz-March-05-2024"]
[Site "Chess.com"]
[Date "2024.03.05"]
[Round "3"]
[White "jactorres"]
[Black "adricalderon8"]
[Result "0-1"]
[WhiteElo "2274"]
[BlackElo "2515"]
[TimeControl "180+1"]
[EndTime "14:27:13 PST"]
[Termination "adricalderon8 won on time"]

1. e4 c5 2. c3 d5 3. exd5 Nf6 4. c4 e6 5. dxe6 Bxe6 6. Nf3 Nc6 7. Be2 Bd6 8. O-O O-O 9. Nc3 Re8 10. Re1 Bg4 11.
d3 Qd7 12. Bg5 Nh5 13. Nd5 h6 14. Bh4 Nf4 15. Nxf4 Bxf4 16. Bg3 Qc7 17. a3 Rad8 18. Nd2 Bxg3 19. hxg3 Bf5 20. Nb3 b6 21. Qc2 a5 22.
Rad1 a4 23. Nd2 Nd4 24. Qxa4 Nxe2+ 0-1